Map: Ultralove

Players

StonedJeezus

  • Race: Zerg Zerg
  • League: Master
  • Spawn Location: 7:00

Fourchette - Winner!

  • Race: Protoss Protoss
  • League: Gold
  • Spawn Location: 1:00

VOD

Have the link to the VOD?

Description

Time

  • Played on: March 14, 2025, 6:52 a.m.
  • Length: 25:14
Show
View Real Time Build Order
Export as new Build Order

StonedJeezus Zerg 

Build Orders: Hatch First, Roach Hydra 

Get SALT Encoding   

  12  0:01  Drone  
  13  0:08  Drone  
  14  0:17  Overlord  
  14  0:36  Drone x3  
  17  0:55  Hatchery  
  16  0:57  Extractor  
  16  0:58  Drone  
  16  1:12  Spawning Pool  
  16  1:25  Drone  
  16  1:26  Drone x2  
  16  1:29  Extractor  
  17  1:37  Drone  
  18  1:58  Queen  
  20  2:01  Roach Warren  
  20  2:04  Evolution Chamber  
  20  2:05  Drone  
  19  2:40  Queen  
  19  2:41  Drone x3  
  19  2:42  Drone x2  
  26  2:51  Lair  
  26  2:54  Drone  
  27  2:59  Drone  
  28  3:07  Zerg Missile Weapons Level 1  
  28  3:12  Overlord  
  28  3:25  Overlord, Evolution Chamber  
  27  3:27  Overlord  
  27  3:31  Overlord  
  27  3:36  Drone x2  
  29  3:48  Glial Reconstitution  
  29  3:51  Roach x2  
  33  4:01  Drone x3  
  36  4:06  Drone x4  
  40  4:17  Zerg Ground Armor Level 1  
  40  4:22  Drone x2, Extractor  
  40  4:23  Extractor  
  40  4:27  Roach  
  40  4:28  Roach  
  40  4:31  Roach  
  46  4:35  Roach  
  48  4:39  Overlord  
  48  4:42  Roach  
  50  4:51  Roach x2  
  54  4:59  Drone x3  
  57  5:04  Roach x2  
  57  5:05  Roach  
  57  5:06  Overseer  
  63  5:11  Overseer  
  63  5:20  Overlord  
  63  5:24  Overlord  
  63  5:26  Overlord  
  63  5:30  Overlord  
  63  5:33  Overlord  
  63  5:39  Drone x2  
  63  5:41  Drone x2  
  67  5:43  Roach  
  69  5:52  Roach x2  
  69  5:53  Roach  
  69  5:55  Roach  
  77  6:00  Drone x2  
  77  6:02  Drone  
  80  6:20  Roach x4  
  80  6:24  Roach x3  
  94  6:26  Roach  
  94  6:27  Roach  
  94  6:30  Ravager  
  99  6:33  Ravager  
  99  6:35  Overlord  
  99  6:39  Overlord  
  100  6:41  Overlord  
  100  6:43  Overlord  
  100  6:51  Overlord  
  100  6:54  Overlord  
  100  6:56  Roach x2  
  100  6:58  Ravager  
  66  7:47  Zergling x12  
  66  7:50  Zergling x12  
  68  7:56  Hydralisk Den  
  68  7:58  Spore Crawler  
  56  8:00  Queen  
  56  8:01  Queen, Spore Crawler  
  59  8:08  Metabolic Boost  
  59  8:16  Zergling x4  
  59  8:18  Zergling x4  
  63  8:28  Hatchery  
  63  8:29  Spore Crawler  
  63  8:31  Hydralisk, Spore Crawler  
  63  8:32  Hydralisk x2  
  63  8:33  Hydralisk x2  
  63  8:34  Hydralisk  
  72  8:42  Grooved Spines  
  72  8:43  Hydralisk  
  72  8:47  Hydralisk  
  76  8:54  Hydralisk x4  
  84  8:59  Hydralisk  
  86  9:07  Zerg Missile Weapons Level 2  
  87  9:17  Zergling x2  
  87  9:19  Overlord  
  87  9:20  Overlord  
  87  9:23  Overlord  
  87  9:27  Overlord  
  87  9:32  Muscular Augments  
  87  9:35  Hydralisk x2  
  91  9:40  Drone  
  91  9:42  Drone x2  
  91  9:44  Drone  
  95  9:47  Overseer x2  
  95  10:00  Drone, Queen  
  95  10:01  Drone  
  99  10:08  Hydralisk  
  99  10:09  Hydralisk  
  99  10:12  Hydralisk  
  102  10:44  Hydralisk x6  
  102  10:49  Overlord  
  114  10:50  Overlord x3  
  114  10:58  Overlord  
  114  11:03  Overlord x3  
  63  11:57  Hydralisk  
  63  11:58  Hydralisk x5  
  63  12:00  Hydralisk x7  
  63  12:01  Hydralisk  
  87  12:02  Hydralisk  
  87  12:05  Zergling x4  
  93  12:18  Drone x3  
  93  12:19  Zerg Ground Armor Level 2  
  96  12:25  Drone x3  
  99  12:30  Drone x3  
  102  12:48  Hydralisk x4  
  110  12:56  Drone x4  
  114  12:59  Drone x3  
  114  13:00  Drone  
  114  13:03  Spore Crawler  
  117  13:10  Hydralisk x2  
  117  13:11  Hydralisk  
  123  13:16  Extractor  
  123  13:17  Extractor  
  121  13:27  Drone x3  
  121  13:28  Drone  
  121  13:29  Zergling x8  
  121  13:31  Zergling x8  
  121  13:33  Overseer  
  133  13:40  Drone  
  134  13:47  Drone x3  
  137  13:52  Infestation Pit  
  137  13:55  Hydralisk x4  
  144  14:11  Lurker Den  
  144  14:14  Hydralisk x2  
  144  14:16  Hydralisk x4  
  155  14:18  Overseer  
  155  14:20  Overseer  
  155  14:45  Hydralisk  
  155  14:46  Hydralisk x2  
  155  14:48  Overlord x3  
  161  14:53  Spire  
  161  14:58  Hive  
  160  15:01  Hydralisk  
  160  15:03  Overlord x2  
  116  15:57  Hydralisk  
  116  15:58  Hydralisk x5  
  116  16:01  Hydralisk x6  
  116  16:03  Hydralisk  
  142  16:04  Hydralisk x4  
  142  16:11  Mutalisk x2  
  154  16:26  Infestor x4  
  154  16:29  Infestor  
  164  16:45  Hatchery  
  163  16:59  Hatchery  
  162  17:25  Mutalisk  
  162  17:26  Mutalisk x5  
  162  17:28  Mutalisk x3  
  162  17:29  Mutalisk x2  
  184  17:32  Zerg Flyer Weapons Level 1  
  184  17:41  Ultralisk Cavern  
  184  17:43  Zergling x2  
  184  17:44  Zergling x2  
  184  17:45  Zergling x4  
  184  17:46  Zergling x2  
  136  18:45  Roach x4  
  136  18:46  Roach  
  146  18:49  Ultralisk x3  
  146  18:50  Ultralisk  
  146  18:52  Drone  
  171  19:11  Queen  
  171  19:16  Drone x2  
  175  19:19  Drone  
  175  19:20  Drone  
  177  19:39  Drone x3  
  177  19:41  Drone x2  
  177  19:42  Drone  
  177  19:44  Queen  
  185  19:56  Extractor  
  185  19:58  Extractor  
  183  20:09  Hatchery  
  182  20:25  Zergling x8  
  182  20:26  Zergling x8  
  182  20:28  Zerg Missile Weapons Level 3  
  190  20:30  Zerg Melee Weapons Level 1  
  190  20:32  Chitinous Plating  
  190  20:37  Hydralisk  
  192  21:23  Mutalisk x4  
  154  21:50  Mutalisk x3  
  154  21:51  Anabolic Synthesis  
  97  22:17  Mutalisk x2  
  97  22:19  Zergling x14  
  97  22:20  Zergling x2  
  97  22:22  Zergling x16  
  112  22:23  Zergling x18  
  121  22:32  Queen  
  121  22:34  Queen  
  125  22:38  Queen  
  114  23:02  Pneumatized Carapace  
  114  23:03  Overseer  
  114  23:04  Overseer x2  
  114  23:05  Overseer  
  109  23:08  Hydralisk x4, Queen  
  109  23:10  Zergling x2, Queen  
  122  23:14  Queen  
  122  23:17  Drone x3  
  127  23:21  Spore Crawler  
  127  23:24  Spore Crawler  
  117  23:28  Spore Crawler  
  117  23:29  Extractor  
  117  23:30  Extractor  
  117  23:32  Hydralisk x3  
  117  23:33  Hydralisk, Spore Crawler  
  117  23:34  Hydralisk  
  109  23:38  Zergling x6  
  109  23:39  Zergling x14  
  109  23:40  Zergling x10  
  124  23:43  Queen  
  124  23:46  Queen  
  124  23:48  Hydralisk  
  129  23:53  Hydralisk x3  
  129  24:04  Hydralisk  
  129  24:09  Hydralisk x2  
  122  24:18  Hydralisk  
  122  24:19  Queen  
  122  24:21  Zergling x4, Queen  
  122  24:22  Zergling x2  
  131  24:30  Overlord x7  
Show
View Real Time Build Order
Export as new Build Order

Fourchette Protoss - Winner!

Build Orders:  

Get SALT Encoding   

  12  0:01  Probe  
  13  0:15  Pylon  
  13  0:18  Probe  
  14  0:29  Probe  
  15  0:36  Gateway  
  15  0:37  Probe  
  16  0:45  Probe  
  17  0:54  Pylon  
  17  0:55  Probe  
  17  1:03  Probe  
  19  1:11  Probe  
  20  1:23  Probe  
  21  1:33  Cybernetics Core  
  21  1:35  Forge, Probe  
  21  1:36  Assimilator  
  22  1:40  Assimilator  
  22  1:47  Probe  
  23  1:59  Probe  
  24  2:11  Probe  
  25  2:19  Probe  
  25  2:23  Stalker  
  25  2:25  Photon Cannon  
  25  2:26  Photon Cannon  
  25  2:27  Probe  
  29  2:40  Probe  
  30  2:51  Stargate  
  30  2:52  Probe  
  31  3:00  Pylon  
  31  3:15  Stalker  
  31  3:17  Nexus  
  31  3:18  Probe  
  34  3:27  Shield Battery  
  34  3:30  Probe, Pylon  
  35  3:39  Probe  
  40  3:54  Void Ray  
  40  3:56  Pylon  
  40  3:58  Stalker  
  42  4:04  Probe  
  43  4:13  Probe  
  44  4:21  Probe  
  44  4:25  Stalker  
  44  4:31  Probe  
  48  4:33  Protoss Air Weapons Level 1  
  52  4:40  Void Ray  
  52  4:43  Probe x2  
  54  4:53  Stalker  
  54  4:58  Assimilator  
  56  5:00  Assimilator  
  56  5:08  Pylon  
  56  5:11  Pylon  
  56  5:18  Protoss Shields Level 1  
  56  5:20  Probe  
  56  5:21  Probe  
  62  5:23  Void Ray  
  62  5:27  Stalker  
  62  5:33  Probe x2  
  66  5:45  Probe x2  
  68  6:03  Stargate  
  68  6:10  Pylon  
  69  6:25  Probe  
  69  6:26  Probe  
  74  6:38  Void Ray  
  74  6:46  Fleet Beacon  
  74  6:48  Stalker  
  74  6:50  Pylon  
  66  7:17  Protoss Air Armor Level 1  
  55  8:00  Probe x2  
  55  8:05  Flux Vanes  
  57  8:07  Stalker  
  58  8:12  Probe  
  58  8:13  Probe  
  58  8:16  Protoss Ground Weapons Level 1, Pylon  
  58  8:17  Pylon  
  61  8:24  Probe  
  61  8:25  Probe  
  63  8:30  Shield Battery  
  63  8:31  Void Ray x2  
  63  8:33  Stalker  
  65  8:47  Probe x2  
  67  8:59  Probe x2  
  67  9:00  Stalker  
  69  9:09  Protoss Air Weapons Level 2  
  79  9:25  Probe  
  79  9:26  Probe  
  79  9:27  Stalker  
  79  9:28  Void Ray x2  
  83  9:38  Probe x2  
  85  9:53  Photon Cannon  
  85  9:54  Stalker  
  85  9:59  Nexus  
  87  10:02  Pylon  
  87  10:05  Assimilator, Pylon  
  95  10:09  Assimilator  
  95  10:11  Void Ray  
  95  10:12  Void Ray  
  95  10:21  Stalker  
  73  10:48  Stalker  
  81  10:54  Void Ray  
  81  10:55  Void Ray  
  81  10:56  Shield Battery  
  83  10:58  Shield Battery  
  83  11:00  Photon Cannon  
  83  11:01  Photon Cannon  
  83  11:03  Photon Cannon  
  83  11:05  Photon Cannon  
  83  11:07  Photon Cannon  
  84  11:11  Probe  
  84  11:15  Stalker, Photon Cannon  
  69  11:37  Void Ray  
  69  11:38  Void Ray  
  69  11:42  Stalker  
  62  12:08  Protoss Air Weapons Level 3  
  62  12:10  Stargate, Stalker  
  62  12:12  Stargate  
  62  12:15  Stargate, Probe x2  
  70  12:17  Stargate  
  70  12:20  Void Ray  
  70  12:21  Void Ray  
  74  12:27  Probe x2  
  76  12:31  Cybernetics Core, Protoss Ground Armor Level 1  
  76  12:38  Twilight Council  
  76  12:39  Probe x2  
  78  12:45  Stalker  
  80  12:55  Probe, Protoss Air Armor Level 2  
  80  12:56  Probe  
  82  13:07  Probe  
  82  13:08  Probe  
  82  13:12  Stalker  
  87  13:20  Probe x2  
  92  13:27  Void Ray  
  92  13:32  Probe x2  
  94  13:39  Stalker  
  98  13:42  Void Ray  
  98  13:44  Probe x2  
  106  13:57  Void Ray  
  106  14:07  Probe  
  106  14:09  Probe  
  112  14:10  Void Ray  
  112  14:15  Protoss Shields Level 2  
  112  14:17  Pylon  
  112  14:21  Pylon  
  116  14:47  Void Ray  
  120  15:00  Void Ray  
  124  15:10  Probe  
  124  15:11  Probe  
  124  15:12  Void Ray  
  126  15:27  Protoss Air Armor Level 3  
  104  16:06  Nexus  
  104  16:11  Probe x2  
  106  16:23  Probe  
  111  16:30  Void Ray  
  111  16:40  Protoss Shields Level 3  
  111  16:47  Void Ray  
  115  17:20  Probe x3  
  118  17:32  Probe x3  
  121  17:54  Nexus  
  121  17:58  Assimilator  
  121  18:01  Assimilator  
  121  18:04  Pylon  
  121  18:05  Pylon  
  125  18:16  Void Ray  
  66  18:47  Void Ray  
  66  18:48  Void Ray x4  
  86  19:02  Void Ray  
  102  19:31  Void Ray x2  
  102  19:36  Void Ray  
  106  19:48  Void Ray  
  106  20:05  Assimilator  
  110  20:10  Assimilator  
  110  20:12  Void Ray  
  110  20:21  Robotics Facility  
  118  20:45  Void Ray x2  
  122  21:08  Void Ray  
  126  21:12  Void Ray  
  126  21:21  Observer  
  93  21:47  Assimilator  
  93  21:50  Assimilator  
  81  22:17  Void Ray x2  
  81  22:47  Pylon  
  81  22:49  Pylon  
  81  22:58  Photon Cannon x2  
  81  22:59  Photon Cannon  
  81  23:10  Probe x3  
  92  23:13  Void Ray  
  92  23:14  Void Ray  
  100  24:12  Void Ray x2  
Tags
 
Composition
Roach Hydra
Matchup
PvZ
Spawn Locations
Cross Positions
Add a new tag
Caveats
  • Supply blocks, unpowered buildings, or Contaminate may cause inaccurate times.
  • Supply counts are checked every 10 seconds.